[Event "*** SCC Grand Prix: Titled Tuesday Blitz"]
[Site "Chess.com"]
[Date "2020.08.25"]
[Round "5"]
[White "serena-maria"]
[Black "GianmarcoVaR"]
[Result "0-1"]
[WhiteElo "2292"]
[BlackElo "2480"]
[TimeControl "180+1"]
[EndTime "10:57:56 PDT"]
[Termination "GianmarcoVaR won on time"]

1. Nf3 Nf6 2. c4 e6 3. g3 b6 4. Bg2 Bb7 5. O-O g6 6. Nc3 Bg7 7. Re1 Ne4 8. Nxe4 Bxe4 9. d3 Bb7 10. e4 O-O 11. d4 a6 12. Qc2 c5 13. Bg5 Qc7 14. d5 d6 15. Qd2 Re8 16. h4 b5 17.
Bh6 Bh8 18. b3 Bxa1 19. Rxa1 e5 20. Bf1 bxc4 21. Bxc4 Bc8 22. h5 Nd7 23. hxg6 hxg6 24. Kg2 f6 25. Rh1 Nb6 26. Nh4 Kf7 27. Be2 Rh8 28. Be3 g5 29. Nf3 Rxh1 30. Kxh1 Bd7 31. Nh2 Rh8 32. Qd1 Bb5 33. Bh5+ Kg7 34. Qg4 Qc8 35.
Qf3 Be8 36. g4 Bxh5 37. gxh5 Qe8 38. h6+ Rxh6 39. Kg2 Qh5 40. Qg3 Qe2 41. Ng4 Rh4 42. b4 Rxg4 0-1

[Event "*** SCC Grand Prix: Titled Tuesday Blitz"]
[Site "Chess.com"]
[Date "2020.08.25"]
[Round "5"]
[White "eightbyeightchess"]
[Black "Falia-p"]
[Result "1-0"]
[WhiteElo "2441"]
[BlackElo "2277"]
[TimeControl "180+1"]
[EndTime "10:57:56 PDT"]
[Termination "eightbyeightchess won on time"]

1. e4 e5 2. Nf3 Nc6 3. Bb5 a6 4. Ba4 Nf6 5. d4 b5 6. Bb3 Bd6 7.
dxe5 Nxe5 8. Nxe5 Bxe5 9. f4 Bd6 10. e5 O-O 11. Qe2 Re8 12. Be3 Bb4+ 13. c3 Ba5 14.
Qf3 Rb8 15. O-O Bb7 16. Qd1 Ne4 17. Nd2 Nxd2 18. Qxd2 d6 19. e6 fxe6 20. f5 d5 21. f6 gxf6 22. Bh6 Bb6+ 23. Kh1 Kh8 24. Rf3 d4 25. Rh3 Rg8 26. Rg3 Rxg3 27. hxg3 dxc3 28. Qxc3 Qd4 29. Qxd4 Bxd4 30. Bxe6 Bxb2 31. Rd1 Re8 32. Rd7 f5 33. Bxf5 Be5 34. Rxh7+ Kg8 35. Rd7 Bc6 36. Rd1 Bxg3 37. Bg6 Re1+ 38. Rxe1 Bxe1 39. Bf4 Ba5 40. Kh2 Bd5 41. a3 c5 42. Bd6 Bb6 43. g4 c4 44.
Be5 a5 45. Bd6 c3 46. g5 Bb3 47. Be5 c2 48. Bf4 Bd4 49. Bd3 Bb2 50. Bxb5 c1=Q 51.
Kg3 1-0

[Event "*** SCC Grand Prix: Titled Tuesday Blitz"]
[Site "Chess.com"]
[Date "2020.08.25"]
[Round "5"]
[White "KarpovVadim"]
[Black "ShahMatKanal"]
[Result "1-0"]
[WhiteElo "2326"]
[BlackElo "2469"]
[TimeControl "180+1"]
[EndTime "10:57:57 PDT"]
[Termination "KarpovVadim won on time"]

1. Nf3 d5 2. d4 Nf6 3. c4 c6 4. e3 a6 5. Nc3 b5 6. b3 Bf5 7. Bd3 Bxd3 8. Qxd3 e6 9. O-O Bb4 10. Bb2 O-O 11. Rac1 Nbd7 12. cxd5 cxd5 13. a4 Bxc3 14. Bxc3 Qb6 15. Bb4 Rfc8 16. a5 Qd8 17. Ne5 Nxe5 18.
dxe5 Nd7 19. Bd6 Qxa5 20. b4 Qd8 21. e4 Nb6 22. h3 dxe4 23. Qxe4 Nd5 24. h4 Rc3 25. Rxc3 Nxc3 26. Qf3 Rc8 27. h5 h6 28. g3 Nd5 29. Ra1 Qb6 30. Bc5 Qc7 31. Qe4 a5 32.
Rxa5 Qc6 33. Ra7 Ra8 34. Rxa8+ Qxa8 35. Qd3 Qa1+ 36. Kg2 Qxe5 37. Qxb5 Qxh5 38. Qc4 Qe5 39. b5 Qb8 40. Qb3 Qb7 41. Kg1 h5 42. b6 h4 43.
gxh4 Nf4 44. f3 Ng6 45. Bf2 Ne5 46. Kg2 Nd7 47. Qd3 Nxb6 48. Qd8+ Kh7 49. Qxb6 Qe7 50. Qd4 f6 51. Qe4+ Kg8 52. Qg4 Qf7 53. h5 Qb7 54.
Qg6 Qd7 55. h6 Kh8 56. Bh4 1-0

[Event "*** SCC Grand Prix: Titled Tuesday Blitz"]
[Site "Chess.com"]
[Date "2020.08.25"]
[Round "5"]
[White "BakaPG"]
[Black "colegiodemadrid"]
[Result "1/2-1/2"]
[WhiteElo "2680"]
[BlackElo "2434"]
[TimeControl "180+1"]
[EndTime "10:58:00 PDT"]
[Termination "Game drawn by repetition"]

1. e4 c6 2. d4 d5 3. e5 c5 4. dxc5 e6 5. Be3 Qc7 6. b4 Qxe5 7. Nd2 Qc7 8. Ngf3 a5 9. a3 Nf6 10. c4 Nc6 11. Qa4 Bd7 12. b5 Ne5 13. Rc1 Nxf3+ 14. Nxf3 Bxc5 15. cxd5 b6 16. dxe6 fxe6 17. Bxc5 bxc5 18.
Bc4 Kf8 19. O-O Re8 20. Rfe1 e5 21. Qc2 e4 22. Ng5 Re7 23. Nxe4 Bf5 24. f3 Bxe4 25.
fxe4 g6 26. Qc3 Qe5 27. Qxe5 Rxe5 28. Rcd1 Ke7 29. Be2 Nd7 30. Bf3 Nb6 31. Rd3 c4 32.
Rd4 Rc8 33. Bg4 Rd8 34. Rxd8 Kxd8 35. Rb1 Rxe4 36. Bf3 Re3 37. a4 Kc7 38. Kf2 Ra3 39. Re1 Kd6 40. Bg4 Rxa4 41. Re6+ Kc5 42. Re7 Ra2+ 43.
Kg3 Kxb5 44. Rxh7 c3 45. Rc7 Nc4 46. Be6 Ra4 47. Bd7+ Kb4 48. Bxa4 Kxa4 49. Rxc4+ Kb3 50. Rc6 a4 51. Rxg6 a3 52. Rb6+ Kc2 53. h4 a2 54. Ra6 Kb1 55. Rb6+ Kc2 56. Ra6 Kb1 57. Rb6+ Kc2 1/2-1/2

[Event "*** SCC Grand Prix: Titled Tuesday Blitz"]
[Site "Chess.com"]
[Date "2020.08.25"]
[Round "5"]
[White "Shubinkirill2003"]
[Black "Kavyev_Ruslan"]
[Result "0-1"]
[WhiteElo "2637"]
[BlackElo "2491"]
[TimeControl "180+1"]
[EndTime "10:58:01 PDT"]
[Termination "Kavyev_Ruslan won on time"]

1. e4 c5 2. Nf3 d6 3. d4 cxd4 4.
Qxd4 Nf6 5. Bb5+ Bd7 6. c4 g6 7. Nc3 Bg7 8. O-O O-O 9. h3 Nc6 10. Qd3 a6 11. Bxc6 Bxc6 12. Nd4 Nd7 13. Be3 Rc8 14.
Rac1 Qa5 15. Rfd1 Rfe8 16. Qb1 Qc7 17. b4 Nf6 18. a4 Qb8 19. b5 Bd7 20. f4 Rxc4 21.
Qb3 Rec8 22. Nc6 bxc6 23. Qxc4 cxb5 24. Qa2 bxa4 25. Rb1 Qa8 26. Nd5 Nxd5 27. exd5 Rb8 28. Bf2 Bb5 29. Qa3 Bf6 30. g4 h6 31. h4 Rc8 32. g5 hxg5 33. hxg5 Bg7 34. Qe3 Qb7 35.
Re1 Bf8 36. Rbd1 Rc4 37. Qg3 Qd7 38. Bd4 Qf5 39. Qh4 Bg7 40. Rxe7 Bxd4+ 41. Rxd4 Rxd4 42. Rc7 Rd1+ 43. Kh2 Rd2+ 44. Kg1 Qxd5 0-1

[Event "*** SCC Grand Prix: Titled Tuesday Blitz"]
[Site "Chess.com"]
[Date "2020.08.25"]
[Round "5"]
[White "rynos0411"]
[Black "BeanScreen"]
[Result "0-1"]
[WhiteElo "2436"]
[BlackElo "2691"]
[TimeControl "180+1"]
[EndTime "10:58:02 PDT"]
[Termination "BeanScreen won by resignation"]

1. e4 e5 2. Nf3 Nc6 3. Bb5 a6 4. Ba4 d6 5. O-O Nf6 6. Re1 Be7 7. c3 O-O 8. h3 b5 9. Bb3 Na5 10. Bc2 c5 11. d4 Qc7 12. Nbd2 Nc6 13. Nf1 cxd4 14.
cxd4 exd4 15. Bf4 Bb7 16. Rc1 Qb6 17. Ng3 Nd7 18. Nf5 Bf6 19. Bxd6 Rfe8 20. Bg3 Rad8 21. Bb3 Nc5 22. Bd5 d3 23. Qd2 b4 24. Ng5 Ne6 25.
Nxf7 Kxf7 26. Nd6+ Rxd6 27. Bxd6 Nd4 28. Bc5 Qb5 29.
Bxd4 Bxd4 30. Rc7+ Re7 31. Rec1 Bxd5 32. Rxe7+ Kxe7 33. exd5 Qxd5 34. Kf1 Bc5 35. Rd1 Qd4 36. b3 Nf4 37.
Rc1 Ne2 38. Rxc5 Qxc5 39. Qxd3 Nf4 40. Qe4+ Ne6 41. g3 g6 42. Qb7+ Nc7 43. Qe4+ Kd6 44. Qf4+ Qe5 45. Qxb4+ Kc6 46. Kg2 Qd5+ 47. Kg1 Ne6 48.
Qa4+ Kb7 49. Qe8 Nd4 50. Qe7+ Kc6 51. Qf6+ Kb5 52. Qf4 Ne2+ 0-1

[Event "*** SCC Grand Prix: Titled Tuesday Blitz"]
[Site "Chess.com"]
[Date "2020.08.25"]
[Round "5"]
[White "MFBerna"]
[Black "Rodalquilar"]
[Result "0-1"]
[WhiteElo "2443"]
[BlackElo "2631"]
[TimeControl "180+1"]
[EndTime "10:58:02 PDT"]
[Termination "Rodalquilar won on time"]

1. e4 d5 2. exd5 Qxd5 3. Nc3 Qa5 4. d4 Nf6 5. Nf3 Bf5 6. Bd3 Nc6 7. O-O O-O-O 8.
Be3 Bg4 9. h3 Bh5 10. g4 Bg6 11. Qe2 Bxd3 12. Qxd3 e6 13. a3 Qa6 14. Qxa6 bxa6 15.
Rad1 h5 16. g5 Nd5 17. Ne4 a5 18. Bc1 a4 19. Rfe1 Be7 20. h4 Nb6 21. Rd3 Rd5 22. Nc3 Rf5 23. Kg2 Rd8 24. g6 fxg6 25.
Rxe6 Rd6 26. Rxd6 cxd6 27. Re3 Kd7 28. Ne4 Nd5 29. Rd3 Nf6 30. Neg5 Ng4 31. Bd2 Bf6 32. c3 Rb5 33. Bc1 Ne7 34. c4 Rb8 35. c5 Nd5 36.
Ne4 Be7 37. cxd6 Bxd6 38. Neg5 Rxb2 39. Bxb2 Nf4+ 40. Kf1 Nxd3 41. Bc3 Bxa3 42. Ne4 Be7 43. d5 a3 44. Nd4 a2 45. Nb5 a6 46. Nd4 Bf6 47. f3 Bxd4 48. Bxd4 Ne3+ 49. Ke2 Nc2 0-1

[Event "*** SCC Grand Prix: Titled Tuesday Blitz"]
[Site "Chess.com"]
[Date "2020.08.25"]
[Round "5"]
[White "Beltraxtor"]
[Black "dennisodessa"]
[Result "1-0"]
[WhiteElo "2538"]
[BlackElo "2397"]
[TimeControl "180+1"]
[EndTime "10:58:02 PDT"]
[Termination "Beltraxtor won by resignation"]

1. e4 e6 2. d4 d5 3. Nc3 Nc6 4. e5 f6 5. Nf3 fxe5 6. dxe5 Nh6 7. Bxh6 gxh6 8. Bb5 Bg7 9. Nd4 O-O 10. Nxc6 bxc6 11. Bxc6 Rb8 12. Qd4 Qg5 13. h4 Bxe5 14. Qxa7 Qf4 15.
g3 Bxc3+ 16. bxc3 Qe5+ 17. Qe3 Qxe3+ 18. fxe3 Rb2 19. O-O-O Rxa2 20. c4 Rf2 21. cxd5 Rfxc2+ 22. Kb1 Rcb2+ 23. Kc1 Rc2+ 24. Kb1 Rab2+ 25. Ka1 Rb6 26.
dxe6 Bxe6 27. Bd5 Ra6+ 28. Kb1 Bxd5 29. Kxc2 Rc6+ 30. Kd3 Bxh1 31. Rxh1 Rd6+ 32. Ke4 Rg6 33. Kf4 Rf6+ 34. Ke5 Rg6 35. Rg1 h5 36. Kf5 c5 37. e4 c4 38. e5 c3 39. Kf4 Rg4+ 40. Kf5 c2 41. Kf6 Rxg3 42. Rxg3+ Kf8 43. Rc3 1-0

[Event "*** SCC Grand Prix: Titled Tuesday Blitz"]
[Site "Chess.com"]
[Date "2020.08.25"]
[Round "5"]
[White "PavelShkapenko"]
[Black "rasmussvane"]
[Result "0-1"]
[WhiteElo "2622"]
[BlackElo "2859"]
[TimeControl "180+1"]
[EndTime "10:58:03 PDT"]
[Termination "rasmussvane won by resignation"]

1. e4 c6 2. d4 d5 3. exd5 cxd5 4. Bd3 Nf6 5. c3 Nc6 6. Bf4 Bg4 7. Qb3 Qd7 8. Nd2 e6 9. Ngf3 Bd6 10. Bxd6 Qxd6 11. O-O O-O 12. Rae1 Qc7 13. Ne5 Bf5 14. Bxf5 exf5 15.
Ndf3 Rad8 16. Nxc6 bxc6 17. Ne5 Ne4 18. Qc2 Rfe8 19.
f3 Nd6 20. Nd3 h6 21. Qc1 g5 22. Rxe8+ Rxe8 23. Re1 Rb8 24. Qe3 Nc4 25. Qe7 Qxe7 26. Rxe7 Nxb2 27. Ne5 Nd1 28. h4 f6 29. Nxc6 Rb1 30.
Rxa7 Ne3+ 31. Kf2 f4 32. Ne7+ Kf8 33. hxg5 hxg5 34. Rd7 Ke8 35. Ra7 Rb2+ 36. Ke1 Nxg2+ 37. Kd1 Ne3+ 38. Kc1 Rc2+ 39. Kb1 Rxc3 40. Ng8 Rc6 41.
a4 g4 42. fxg4 Nxg4 43. Rg7 f5 44. Rh7 f3 45. Rh1 f2 46. Rf1 Re6 47. Kc2 Re1 48. Nf6+ Kf7 49. Rxf2 Nxf2 50. Nxd5 Ke6 51. Nf4+ Kd6 52. a5 Ra1 53. Kd2 Rxa5 54. Ke2 Ne4 55. Kd3 Ra3+ 56. Kc4 Rc3+ 57. Kb4 Rf3 58. Ne2 Kd5 0-1

[Event "*** SCC Grand Prix: Titled Tuesday Blitz"]
[Site "Chess.com"]
[Date "2020.08.25"]
[Round "5"]
[White "labdalla"]
[Black "ChessSwole"]
[Result "1/2-1/2"]
[WhiteElo "2241"]
[BlackElo "2435"]
[TimeControl "180+1"]
[EndTime "10:58:03 PDT"]
[Termination "Game drawn by repetition"]

1. d4 Nf6 2. c4 e6 3. Nc3 Bb4 4. Qc2 O-O 5. a3 Bxc3+ 6. Qxc3 Qe8 7. Nf3 b6 8. g3 Bb7 9. Bg2 d6 10. O-O Nbd7 11. b4 Qe7 12. Bb2 Ne4 13. Qc2 f5 14. Rad1 Ndf6 15. d5 e5 16. Nd2 Nxd2 17. Rxd2 a5 18.
Qxf5 axb4 19. axb4 Ra4 20. Bc3 Rfa8 21. Rc1 Bc8 22.
Qc2 Bg4 23. h3 Bh5 24. e4 Bg6 25. Kh2 h6 26. Re2 Kh8 27. f4 Ra2 28. Qxa2 Rxa2 29. Rxa2 Bxe4 30. Re1 Bxg2 31. Kxg2 e4 32. Rae2 Kh7 33.
Bxf6 Qxf6 34. Rxe4 Qc3 35. b5 Qc2+ 36. R1e2 Qd3 37.
h4 h5 38. Kh3 Qd1 39. Kh2 Qd3 40. R2e3 Qc2+ 41. Re2 Qb3 42. R2e3 Qb1 43. Re2 Kh6 44. Re6+ Kh7 45. R6e4 Qa1 46. f5 Qc3 47. Rf2 Kg8 48.
Rfe2 Qd3 49. Re8+ Kh7 50. R8e4 Qf3 51. Re7 Qxf5 52. Rxc7 Qd3 53. Ree7 Qc2+ 54. Kh1 Qd1+ 55. Kh2 Qc2+ 56. Kh1 Qb1+ 57. Kh2 Qc2+ 1/2-1/2

[Event "*** SCC Grand Prix: Titled Tuesday Blitz"]
[Site "Chess.com"]
[Date "2020.08.25"]
[Round "5"]
[White "BogdanDeac"]
[Black "AnonymousIM2023"]
[Result "0-1"]
[WhiteElo "2829"]
[BlackElo "2616"]
[TimeControl "180+1"]
[EndTime "10:58:04 PDT"]
[Termination "AnonymousIM2023 won by resignation"]

1. e4 c5 2. Nf3 Nc6 3. Bb5 g6 4. O-O Bg7 5. c3 Nf6 6. Re1 O-O 7. d4 cxd4 8. cxd4 d5 9. e5 Ne4 10. Be3 Qb6 11. Bxc6 bxc6 12. Qc1 f6 13. Nc3 Nxc3 14. Qxc3 Rb8 15. b3 Bd7 16. Bf4 Qb4 17. Rac1 Qxc3 18. Rxc3 Rb6 19. exf6 exf6 20. Bd6 Rf7 21. Re2 Bf8 22.
Bxf8 Kxf8 23. Ne1 Re7 24. Rxe7 Kxe7 25. Kf1 Bf5 26. Ke2 Ra6 27. a4 Rb6 28. f3 h5 29.
a5 Rb5 30. Rxc6 Rxa5 31. Ke3 Ra2 32. Rc7+ Kd6 33. Rf7 Ke6 34. Rc7 Rb2 35. Rxa7 Rxb3+ 36. Kf2 Rb2+ 37. Ke3 Rb1 38. Ra6+ Kf7 39. Kd2 g5 40. Ra7+ Kg6 41. Ra5 Rb2+ 42. Kd1 Be6 43. Rc5 h4 44. Nc2 h3 45. g3 Rb1+ 46. Kd2 Rh1 47. Ne3 Rxh2+ 48.
Ke1 Ra2 0-1

[Event "*** SCC Grand Prix: Titled Tuesday Blitz"]
[Site "Chess.com"]
[Date "2020.08.25"]
[Round "5"]
[White "K_A_S_T_O_R"]
[Black "bazar-wokzal"]
[Result "1-0"]
[WhiteElo "2718"]
[BlackElo "2480"]
[TimeControl "180+1"]
[EndTime "10:58:04 PDT"]
[Termination "K_A_S_T_O_R won on time"]

1. e4 Nc6 2. Nf3 d5 3. exd5 Qxd5 4. Nc3 Qa5 5. Bb5 Bd7 6. O-O a6 7. Ba4 Nf6 8. Re1 Qh5 9. Ne2 g5 10. Ng3 Qg4 11. d4 Bc8 12. h3 Qd7 13. Bxg5 Bg7 14.
Ne5 Qd6 15. Bxf6 Bxf6 16. Ne4 Bxe5 17. Nxd6+ Bxd6 18. Bxc6+ bxc6 19. c4 e6 20. Qf3 Bd7 21. c5 Be7 22. Qg3 Ra7 23. Rad1 Kf8 24. Rd3 Rg8 25. Qf3 Rb7 26. Rb3 Rb5 27. a4 Rxb3 28. Qxb3 Bd8 29. Re3 Rg5 30. Rg3 Rd5 31. Qb8 Ke7 32.
Rg8 Be8 33. Qb4 h5 34. Qc3 Kd7 35. Qe3 Bf6 36. Qh6 Bxd4 37. Qf8 Bxc5 38. Qxe8+ Kd6 39. Qxf7 Rf5 40. Rd8+ Ke5 41. Qg7+ Ke4 42. Qg6 Bxf2+ 43. Kf1 Bh4+ 44. Ke2 Bxd8 45. g4 hxg4 46. hxg4 Bh4 47. gxf5 exf5 48. Qxc6+ Kf4 49. Qxc7+ Kg4 50. Qc4+ 1-0

[Event "*** SCC Grand Prix: Titled Tuesday Blitz"]
[Site "Chess.com"]
[Date "2020.08.25"]
[Round "5"]
[White "Barmen_EV"]
[Black "ftorodent"]
[Result "1-0"]
[WhiteElo "2466"]
[BlackElo "2677"]
[TimeControl "180+1"]
[EndTime "10:58:05 PDT"]
[Termination "Barmen_EV won on time"]

1. d4 f5 2. c4 Nf6 3. Nc3 e6 4. Nf3 Bb4 5. Bd2 O-O 6. g3 d6 7. Bg2 Qe7 8. O-O Bxc3 9. Bxc3 Ne4 10. Qc2 Nd7 11. Rfd1 e5 12. dxe5 dxe5 13. Be1 Ndf6 14. b4 f4 15. Qb2 Re8 16. b5 Bf5 17. Bb4 Qe6 18. Nd2 Nxd2 19. Rxd2 Ne4 20. Rd5 c6 21. Rd3 c5 22. Bxc5 Rac8 23. Bxa7 Qxc4 24. a4 Nc3 25. Rxc3 Qxc3 26. Qxc3 Rxc3 27. Bxb7 Be6 28. b6 Bc4 29. Bc6 Rd8 30. b7 Rb3 31. e3 Ba6 32.
b8=Q Rbxb8 33. Bxb8 Rxb8 34. gxf4 exf4 35. exf4 Kf7 36.
Bb5 Bb7 37. a5 Bf3 38. Bc4+ Kf6 39. a6 Rb4 40. Bf1 Rxf4 41. h3 Rf5 42. a7 Rg5+ 43. Kh2 Ba8 44. Ra6+ Ke7 45. f4 Rf5 46. Bg2 1-0

[Event "*** SCC Grand Prix: Titled Tuesday Blitz"]
[Site "Chess.com"]
[Date "2020.08.25"]
[Round "5"]
[White "Phenix2k"]
[Black "zmeeed67"]
[Result "1-0"]
[WhiteElo "2125"]
[BlackElo "2440"]
[TimeControl "180+1"]
[EndTime "10:58:05 PDT"]
[Termination "Phenix2k won on time"]

1. d4 Nc6 2. Nf3 d6 3. e4 Nf6 4. Nc3 Bg4 5. Bb5 a6 6. Bxc6+ bxc6 7. h3 Bc8 8. Be3 e6 9. d5 cxd5 10. exd5 e5 11. Qd2 Be7 12. g4 Rb8 13. O-O-O Bd7 14. Ng5 Qc8 15. Kb1 Qb7 16. Qc1 Qb4 17. Ka1 h6 18. a3 Qc4 19. Nf3 Ne4 20. Nd2 Nxd2 21.
Qxd2 a5 22. Rhe1 O-O 23. f3 Bh4 24. Rg1 f6 25. Ne4 Rb7 26. Bxh6 gxh6 27. Qxh6 Bg5 28.
Qg6+ Kh8 29. Nxg5 fxg5 30. Qh6+ Kg8 31. Qxg5+ Kh8 32. Qe7 Rxf3 33. Qd8+ Kg7 34. Qxd7+ Rf7 35. Qe6 Qxc2 36. Rb1 Rf2 37. Qe7+ Kg8 38. Qe8+ Kg7 39. Qd7+ Kg6 40. Qe6+ Kg7 41. Qd7+ Kg6 42. Qe8+ Kg7 43. Qe7+ Rf7 44. Qg5+ Kf8 45. Qd8+ Kg7 46. g5 Qb3 47. g6 Rf8 48. Qe7+ 1-0

[Event "*** SCC Grand Prix: Titled Tuesday Blitz"]
[Site "Chess.com"]
[Date "2020.08.25"]
[Round "5"]
[White "Slovak_fighter2000"]
[Black "SahajGrover"]
[Result "1-0"]
[WhiteElo "2434"]
[BlackElo "2640"]
[TimeControl "180+1"]
[EndTime "10:58:06 PDT"]
[Termination "Slovak_fighter2000 won on time"]

1. d4 d5 2. c4 e6 3. Nf3 Nf6 4.
Nc3 a6 5. cxd5 exd5 6. Bg5 Be6 7. Bxf6 Qxf6 8. Qb3 Ra7 9. e3 Qd8 10. Bd3 c6 11. Ne5 Bd6 12. Qc2 Nd7 13. f4 Nf6 14.
O-O h6 15. Rab1 O-O 16. b4 Ra8 17. Na4 Ne4 18. Nc5 Bxe5 19. dxe5 Bf5 20. Nxe4 dxe4 21.
Bxe4 Bxe4 22. Qxe4 Qb6 23. h3 Rad8 24. Rfd1 a5 25.
a3 axb4 26. axb4 Qb5 27. Kh2 Qe2 28. Rxd8 Rxd8 29. b5 c5 30. e6 fxe6 31. Qxe6+ Kh8 32. b6 c4 33. Rc1 Rd2 34. Qe8+ Kh7 35. Qe4+ g6 36. Rxc4 h5 37. Rc7+ Kh6 38. f5 Rd1 39. Qf4+ g5 40. Qe5 1-0

[Event "*** SCC Grand Prix: Titled Tuesday Blitz"]
[Site "Chess.com"]
[Date "2020.08.25"]
[Round "5"]
[White "Andreikka"]
[Black "Korchmar_Vasiliy"]
[Result "0-1"]
[WhiteElo "2823"]
[BlackElo "2614"]
[TimeControl "180+1"]
[EndTime "10:58:08 PDT"]
[Termination "Korchmar_Vasiliy won by checkmate"]

1. c4 e5 2. g3 Nf6 3. Bg2 Bc5 4. Nc3 c6 5. Nf3 e4 6. Nh4 d5 7. d4 Bb6 8. cxd5 cxd5 9. f3 Nc6 10. Be3 h6 11. fxe4 dxe4 12. Nxe4 Nxe4 13. Bxe4 Nxd4 14. O-O O-O 15. Qd3 Nc2 16. Qxc2 Bxe3+ 17. Kg2 Be6 18.
Rad1 Qa5 19. Rd6 Qxa2 20. Rf3 Rac8 21. Qd3 Bc5 22. Rxe6 Qxe6 23. Bd5 Qe5 24. Ng6 Qxb2 25. Kh3 Qd4 26. Qf5 Rcd8 27. Bxf7+ Rxf7 28. Qxf7+ Kh7 29. Ne7 Qd7+ 30. g4 Qxe7 31. Qf5+ Kh8 32. Qg6 Rf8 33. Qd3 Rxf3+ 34. exf3 b6 35. Qd5 Qd6 36. Qf7 Qf8 37.
Qd5 a5 38. f4 Qxf4 39. Qd8+ Qf8 40. Qd3 a4 41. Qc4 Qf3+ 42. Kh4 Be7+ 43. Kh5 Qh3+ 44. Kg6 Bf8 45. Qe4 Qf1 46. Qe8 Qf6+ 47. Kh5 a3 48. g5 Qxg5# 0-1

[Event "*** SCC Grand Prix: Titled Tuesday Blitz"]
[Site "Chess.com"]
[Date "2020.08.25"]
[Round "5"]
[White "Kaua18"]
[Black "BlackBoarder"]
[Result "0-1"]
[WhiteElo "2402"]
[BlackElo "2552"]
[TimeControl "180+1"]
[EndTime "10:58:08 PDT"]
[Termination "BlackBoarder won by checkmate"]

1. e4 e6 2. d4 d5 3. Nd2 c5 4. exd5 Qxd5 5. Ngf3 cxd4 6. Bc4 Qd6 7. Nb3 Qb4+ 8. Nbd2 Nc6 9. O-O Nf6 10. a3 Qb6 11. Nb3 Bd7 12. Nbxd4 Nxd4 13. Qxd4 Qxd4 14. Nxd4 Rc8 15.
Bb3 Bc5 16. Nf3 Bb5 17. c4 Bc6 18. Ne5 Ke7 19. Ba2 Be4 20. Re1 Rhd8 21. Bg5 Bf5 22.
Rad1 Bd4 23. b4 Bxe5 24. Rxd8 Rxd8 25. g4 Bc3 26. Rc1 Bd2 27. Bxd2 Rxd2 28. gxf5 Rxa2 29. fxe6 fxe6 30. Rc3 Ne4 31. Re3 Nxf2 32. c5 g6 33. Rf3 Ng4 34. Rh3 h5 35. Rb3 e5 36. b5 Kd7 37. Rd3+ Kc7 38. Rf3 e4 39. Rf7+ Kc8 40.
Rf8+ Kd7 41. Rf7+ Ke6 42. Rxb7 e3 43. Rb8 Kd5 44. Re8 Kxc5 45. Kf1 Kxb5 46. h3 Nh2+ 47. Kg1 Nf3+ 48. Kf1 Rf2# 0-1

[Event "*** SCC Grand Prix: Titled Tuesday Blitz"]
[Site "Chess.com"]
[Date "2020.08.25"]
[Round "5"]
[White "Bodnar_Mykola"]
[Black "Tssunami"]
[Result "1-0"]
[WhiteElo "2502"]
[BlackElo "2352"]
[TimeControl "180+1"]
[EndTime "10:58:08 PDT"]
[Termination "Bodnar_Mykola won by resignation"]

1. d4 Nf6 2. c4 e6 3. Nc3 Bb4 4. Qc2 O-O 5. a3 Bxc3+ 6. Qxc3 d5 7. cxd5 exd5 8. Bg5 c6 9. Nf3 h6 10. Bxf6 Qxf6 11.
e3 Bf5 12. Be2 Nd7 13. O-O Rae8 14. b4 Bg4 15. b5 cxb5 16. Qc7 Qc6 17. Rfc1 Qxc7 18.
Rxc7 Rb8 19. Bxb5 Bxf3 20. Rxd7 Be4 21. f3 Bg6 22. Rxd5 Rfc8 23. Rc5 a6 24. Be2 Rxc5 25. dxc5 Rd8 26. Rd1 Rc8 27. Rc1 Kf8 28. c6 Rxc6 29. Rxc6 bxc6 30. Bxa6 Ke7 31. Bc4 Kd6 32. Kf2 Kc5 33.
Be2 Bc2 34. Ke1 f6 35. Kd2 Bb3 36. Kc3 Ba4 37. g3 g5 38. f4 Kd5 39. Bf3+ Kc5 40. Be2 Kd5 41. Bd3 Bd1 42. e4+ Kc5 43. Bc4 Bf3 44.
e5 fxe5 45. fxe5 Bd1 46. Bb3 Be2 47. a4 Ba6 48. a5 Be2 49. e6 Kd6 50. Bc4 Bf3 51. a6 c5 52. a7 Ba8 53. Kb3 Bc6 54. h4 gxh4 55. gxh4 Ke7 56. Kc3 Kf6 57. Kd3 Bb7 58.
Ke3 Bc6 59. Kf4 Bb7 60. e7 Kxe7 61. Kf5 h5 62. Kg5 Bf3 63. Be2 Be4 64. Kf4 Bb7 65. Bf3 1-0

[Event "*** SCC Grand Prix: Titled Tuesday Blitz"]
[Site "Chess.com"]
[Date "2020.08.25"]
[Round "5"]
[White "chigorin28"]
[Black "Ermito2020"]
[Result "0-1"]
[WhiteElo "2461"]
[BlackElo "2635"]
[TimeControl "180+1"]
[EndTime "10:58:09 PDT"]
[Termination "Ermito2020 won by checkmate"]

1. d4 d5 2. Nf3 Nf6 3. Bf4 g6 4. e3 Bg7 5. h3 O-O 6. Bd3 c5 7. c3 Nc6 8. O-O Qb6 9. Qc1 Bf5 10. Bxf5 gxf5 11. Nbd2 Rac8 12. Qb1 e6 13. Ne5 Rfd8 14. Ndf3 Ne4 15. Nxc6 bxc6 16. dxc5 Qxc5 17. Qd1 Qb6 18. Rb1 c5 19. Be5 f6 20. Bh2 Bf8 21. Nd2 Bd6 22. Bxd6 Qxd6 23. Nxe4 fxe4 24. f4 f5 25. Qh5 Rc7 26.
Rbd1 Rg7 27. Rf2 Kh8 28. Kh1 Rdg8 29. Qe2 Rg3 30. Kh2 Qb6 31. Qd2 c4 32. Re2 R8g7 33. Qd4 Qxd4 34. Rxd4 R3g6 35. Rdd2 Rb7 36. Rf2 Kg7 37. g3 Kf6 38. Rg2 h5 39. Rde2 Rg8 40. Rd2 a5 41. a3 a4 42. Rde2 e5 43. fxe5+ Kxe5 44. Rd2 Rbg7 45. Rd1 h4 46. Rdg1 hxg3+ 47.
Rxg3 Rxg3 48. Rxg3 Rb8 49. Rg5 Rxb2+ 50. Kg3 Re2 51.
h4 Rxe3+ 52. Kf2 Rf3+ 53. Kg2 Kf6 54. Rg8 Rxc3 55. h5 Rc2+ 56. Kg1 Rb2 57. h6 Rb7 58. Rd8 c3 59. Rxd5 c2 60. Rc5 Rb1+ 61. Kg2 c1=Q 62. h7 Rb2+ 63. Kg3 Qg5+ 64. Kh3 Qg4# 0-1

[Event "*** SCC Grand Prix: Titled Tuesday Blitz"]
[Site "Chess.com"]
[Date "2020.08.25"]
[Round "5"]
[White "Eliwood44"]
[Black "Aygehovit1992"]
[Result "0-1"]
[WhiteElo "2381"]
[BlackElo "2610"]
[TimeControl "180+1"]
[EndTime "10:58:11 PDT"]
[Termination "Aygehovit1992 won on time"]

1. d4 Nf6 2. Nf3 g6 3. Nc3 d5 4. Bf4 Bg7 5. e3 c6 6. Be2 Bg4 7. Ne5 Bxe2 8. Qxe2 Nbd7 9. h4 h5 10. O-O-O Qa5 11. Kb1 e6 12. f3 Nxe5 13. Bxe5 b5 14.
Qd2 b4 15. Ne2 Qb5 16. Qd3 a5 17. e4 O-O 18. Qxb5 cxb5 19. Bxf6 Bxf6 20. exd5 exd5 21. Nf4 Rfd8 22. g4 hxg4 23. fxg4 Ra6 24. g5 Bg7 25. h5 gxh5 26. Nxh5 Rg6 27. Rhg1 Re8 28. Nf4 Rd6 29.
g6 Re4 30. gxf7+ Kxf7 31. Rdf1 Bxd4 32. Nxd5+ Ke6 33. Nc7+ Kd7 34. Nxb5 Bxg1 35. Nxd6 Rg4 36. Ne4 Kc6 37. Nd2 Be3 38. Nf3 Kb5 39. Ne1 a4 40. Nd3 Rg2 41. b3 a3 42. Re1 Bd2 43. Rd1 Bc3 44.
Nf4 Rh2 45. Nd5 Bd2 46. Rf1 Kc5 47.
Nf6 Kd4 48. Ng4 Re2 49. Nf6 Bg5 50. Nd7 Kc3 51. Nb6 Kd4 52. Nc4 Rg2 0-1

[Event "*** SCC Grand Prix: Titled Tuesday Blitz"]
[Site "Chess.com"]
[Date "2020.08.25"]
[Round "5"]
[White "ZarinaShafigullina"]
[Black "aNaartjieZA"]
[Result "1-0"]
[WhiteElo "2307"]
[BlackElo "2462"]
[TimeControl "180+1"]
[EndTime "10:58:14 PDT"]
[Termination "ZarinaShafigullina won by resignation"]

1. d4 Nf6 2. Nf3 c5 3. g3 g6 4. Bg2 cxd4 5. O-O Bg7 6. Qxd4 Nc6 7. Qd3 d6 8. c4 Bf5 9. Qd1 O-O 10. Nc3 Qa5 11. Nd5 Rfc8 12. Bd2 Qd8 13. Bc3 Ne4 14. Bxg7 Kxg7 15. Nh4 Nc5 16. Nxf5+ gxf5 17. Qd2 e6 18. Nf4 Ne5 19. Nh5+ Kg6 20. Nf4+ Kg7 21. Qd4 Nd7 22. b3 Nf6 23. Bxb7 Qc7 24. Bxa8 Rxa8 25. Rad1 Rd8 26. c5 d5 27. Nd3 Nc6 28. Qh4 h6 29. Nf4 e5 30. Nh5+ Nxh5 31. Qxh5 Qd7 32. Rd3 Qe6 33.
g4 f4 34. Qf5 Qxf5 35. gxf5 e4 36. Rd2 Kf6 37. e3 f3 38. Rfd1 Ke5 39. a3 a5 40. Rb1 d4 41. exd4+ Nxd4 42. Kf1 Rg8 43. Rbd1 Nxf5 44. Rd5+ Kf4 45. c6 e3 46. Rxf5+ Kxf5 47.
fxe3 Rc8 48. Rd6 Ke4 49. Kf2 Rg8 50. c7 Rc8 51. Rc6 f5 52. h4 f4 53. Rc4+ Kd3 54. exf4 Rf8 55. c8=Q 1-0

[Event "*** SCC Grand Prix: Titled Tuesday Blitz"]
[Site "Chess.com"]
[Date "2020.08.25"]
[Round "5"]
[White "penguingm1"]
[Black "ShimanovAlex"]
[Result "1-0"]
[WhiteElo "2998"]
[BlackElo "2767"]
[TimeControl "180+1"]
[EndTime "10:58:15 PDT"]
[Termination "penguingm1 won on time"]

1. d4 d5 2. Bf4 c5 3. e3 Nc6 4. Nf3 cxd4 5. exd4 Bg4 6. c3 a6 7. Nbd2 e6 8. Qb3 Na5 9. Qa4+ b5 10. Bxb5+ axb5 11. Qxb5+ Ke7 12. Ne5 Bf5 13. b4 f6 14. bxa5 fxe5 15.
Bg5+ Nf6 16. dxe5 Kf7 17. exf6 gxf6 18. Be3 Qxa5 19. Qxa5 Rxa5 20. a4 Bc2 21. O-O Be7 22.
Ra2 Bxa4 23. Rfa1 Rha8 24. c4 Bb4 25. cxd5 exd5 26. Nf3 Bb3 27. Rxa5 Rxa5 28. Rb1 Bc3 29. Bd4 Bxd4 30. Nxd4 Bc4 31. h4 h5 32. Rb7+ Kg6 33. f4 Ra1+ 34. Kh2 Rd1 35. f5+ Kh6 36. Ne6 Bd3 37. Rf7 Rf1 38. Rxf6+ Kh7 39. Rf7+ Kg8 40.
Rf8+ Kh7 41. f6 Kg6 42. Ng5 Rxf6 43. Rg8+ Kf5 44. Rh8 Be4 45. Rxh5 Kg4 46. Nxe4 Rf2 47. Rg5+ Kxh4 48. Nxf2 Kxg5 49. Kg3 1-0